AoeStats
← 烏雲中

MegaRandom

507932941Analyzed
4v4 RM · 12d ago on Sep 20, 2026· 17m 11s· 8 players
Game mode
Random Map
Map size
Large (8 player)
Population
200
Speed
Normal
Resources
Standard
Victory
Conquest
Starting age
Dark Age
Ending age
Imperial Age
RankedLock teamsTeams togetherTeam positionsShared explorationLock speedFull tech treeHidden civsTurbo modeCheats
Victory
Defeat
🇹🇼 Maya · Taiwan
1519
+8
🇹🇼 Malians · Taiwan
1273
+18
🇹🇼 Persians · Taiwan
1260
+18
🇹🇼 Wei · Taiwan
1068
+26
🇬🇧 Teutons · United Kingdom
1335
-18
🇨🇳 Lithuanians · China
1322
-18
🇹🇷 Vietnamese · Türkiye
1302
-17
🇪🇸 Persians · Spain
1292
-17
juanoc
4:49 Loom
5:45 Loom
10:43 Feudal Age
12:10 Horse Collar
12:26 Double-Bit Axe
16:24 Bloodlines
rizz
3:33 Loom
10:48 Feudal Age
From Dust
7:53 Loom
10:06 Feudal Age
10:42 Double-Bit Axe
13:45 Fletching
16:28 Horse Collar
半时
6:30 Loom
9:12 Feudal Age
10:15 Double-Bit Axe
10:56 Horse Collar
戳中之霸 DY能兒
5:05 Loom
10:34 Feudal Age
17:04 Castle Age
高德納
0:33 Loom
9:33 Feudal Age
15:46 Fletching
貓妖
4:52 Loom
12:29 Feudal Age
16:00 Double-Bit Axe
烏雲中
6:00 Loom
9:40 Feudal Age
10:47 Double-Bit Axe
11:47 Scale Barding Armor
14:10 Horse Collar
Connection lost

Rejoining the realm…

Still unreachable

The connection could not be restored.

Session expired

The server has moved on; the page needs a fresh start.